 Dungeon Crawl Stone Soup version 0.20.1-1-g8b1a95d (webtiles) character file.

44 Jorbantar the Skirmisher (level 3, -2/39 HPs)
             Began as an Ogre Skald on Oct 27, 2017.
             Slain by a gnoll
             ... wielding a +0 spear
              (4 damage)
             ... on level 2 of the Dungeon.
             The game lasted 00:02:50 (1572 turns).

Jorbantar the Skirmisher (Ogre Skald)               Turns: 1572, Time: 00:02:51

Health: -2/39      AC:  3    Str: 15    XL:     3   Next: 60%
Magic:  6/6        EV: 10    Int: 15    God:
Gold:   91         SH:  0    Dex:  8    Spells: 5/6 levels left

rFire    . . .     SeeInvis .   a - +0 mace
rCold    . . .     Gourm    .   (no shield)
rNeg     . . .     Faith    .   b - +0 robe
rPois    +         Spirit   .   (helmet restricted)
rElec    .         Reflect  .   (no cloak)
rCorr    .         Harm     .   (gloves unavailable)
MR       .....                  (boots unavailable)
Stlth    +.........             (no amulet)
Regen    0.2/turn               i - ring of poison resistance
MPRegen  0.1/turn               (no ring)

@: lethally poisoned (-2 -> -4)
A: unfitting armour, tough skin 1
a: no special abilities


You were on level 2 of the Dungeon.
You were not hungry.

You visited 1 branch of the dungeon, and saw 2 of its levels.

You collected 91 gold pieces.

Inventory:

Hand Weapons
 a - a +0 mace (weapon)
Armour
 b - a +0 robe (worn)
Jewellery
 i - a ring of poison resistance (left hand)
 l - an uncursed ring of fire {unknown}
Scrolls
 e - a scroll of identify {unknown}
 g - 4 scrolls of remove curse {unknown}
 h - a scroll of recharging {unknown}
 k - a scroll of fear {unknown}
Potions
 j - a potion of degeneration {unknown}
Books
 c - a book of Battle

   Spells                             Type                      Level
   a - Infusion                       Charms                       1
   b - Shroud of Golubria             Charms/Translocation         2
   c - Song of Slaying                Charms                       2
   d - Spectral Weapon                Hexes/Charms                 3
   e - Regeneration                   Charms/Necromancy            3
Comestibles
 d - a bread ration
 f - 4 chunks of flesh


   Skills:
 + Level 3.8 Fighting
 * Level 2.9 Maces & Flails
 - Level 2.1 Dodging
 - Level 2.4 Spellcasting
 - Level 2.6 Charms


You had 5 spell levels left.
You knew the following spells:

 Your Spells              Type           Power        Failure   Level  Hunger
a - Infusion              Chrm           #...         7%          1    #......


Dungeon Overview and Level Annotations

Branches:
Dungeon (2/15)

Altars:
Ashenzari


Innate Abilities, Weirdness & Mutations

You are too large for most types of armour.
You have tough skin. (AC +1)


Message History

The adder bites you. The gnoll hits you with a club.
The adder bites you but does no damage.
The gnoll hits you from afar with a spear.
The gnoll hits you but does no damage. The adder bites you.
You are poisoned.
The adder poisons you!
Found a leather armour.
You feel sick.
You feel sick. The adder bites you.
* * * LOW HITPOINT WARNING * * *
Found 9 poisoned needles.
Found a stone staircase leading down.
You closely miss the adder. The adder barely misses you.
An adder comes into view.
You hit the adder.
The adder is moderately wounded.
The adder bites you.
* * * LOW HITPOINT WARNING * * *
The gnoll hits you from afar with a spear.
You die...

..#.(##.#
#....S#.#
#......#.#
.[#......#
........# ######
#......# #....#
#...>..####
#....#.#...##@...#
#....#......S###.#
#....###.###g#
#....# #...#g#
#....###.#.#.#
#.......)..#g#
#....##..#...###>#
#.........g......#
######.....#######


You could see 3 gnolls and 2 adders.

Vanquished Creatures
  An ooze (D:1)
  A dart slug (D:1)
  3 leopard geckos (D:1)
  3 giant cockroaches
  5 goblins
  7 hobgoblins
  2 kobolds (D:1)
  A quokka (D:2)
  2 ball pythons
  A bat (D:1)
  5 rats (D:1)
31 creatures vanquished.

Notes
Turn   | Place    | Note
-------+----------+-------------------------------------------
     0 | D:1      | Jorbantar the Ogre Skald began the quest for the Orb.
     0 | D:1      | Reached XP level 1. HP: 22/22 MP: 3/3
    97 | D:1      | Reached skill level 3 in Fighting
   336 | D:1      | Reached XP level 2. HP: 28/31 MP: 5/5
   764 | D:1      | Reached XP level 3. HP: 37/37 MP: 6/6
  1545 | D:2      | Found a shattered altar of Ashenzari.
  1572 | D:2      | Slain by a gnoll

Skill      XL: |  1 |
---------------+----+-----
Fighting       | 3 |  3.8
Maces & Flails | 2 |  2.9
Dodging        | |  2.1
Spellcasting   | |  2.4
Charms         | |  2.6

Action                   || total
-------------------------++-------
Melee: Mace              ||   105
 Stab: Sleeping          ||     1
  Eat: Chunk             ||     2
Armor: Robe              ||    35
Dodge: Dodged            ||    78
